 Dungeon Crawl Stone Soup version 0.28.0 (webtiles) character file.

Game seed: 5959918469802833370

1409 Akaron the Digger (level 8, -1/47 HPs)
             Began as an Octopode Earth Elementalist on Feb 6, 2022.
             Was an Initiate of Vehumet.
             Slain by a hornet zombie (12 damage)
             ... on level 6 of the Dungeon.
             The game lasted 00:20:04 (8659 turns).

Akaron the Digger (Octopode Earth Elementalist)     Turns: 8659, Time: 00:20:05

Health: -1/47      AC:  1    Str:  7    XL:     8   Next: 70%
Magic:  4/16       EV: 14    Int: 19    God:    Vehumet [......]
Gold:   183        SH:  0    Dex: 19    Spells: 12/18 levels left

rFire   . . .      SeeInvis .   c - +0 mace
rCold   . . .      Faith    .   (no shield)
rNeg    . . .      Spirit   .   (helmet restricted)
rPois   .          Reflect  .   (no amulet)
rElec   .          Harm     .   f - +6 ring of dexterity
rCorr   .          Rampage  .   (no ring)
Will    .....                   (no ring)
Stlth   +++.......              (no ring)
HPRegen 0.15/turn               (no ring)
MPRegen 0.15/turn               (no ring)
                                (no ring)
                                (no ring)

@: studying Evocations
A: almost no armour, amphibious, 8 rings, camouflage 1, gelatinous body 1,
(nimble swimmer 1), tentacles
a: Renounce Religion


You were on level 6 of the Dungeon.
You worshipped Vehumet.
Vehumet was noncommittal.
You visited 2 branches of the dungeon, and saw 7 of its levels.

You collected 183 gold pieces.

Inventory:

Hand Weapons
 c - a +0 mace (weapon)
Missiles
 m - 60 stones
 w - a throwing net
Armour
 s - an orb of wrath
Jewellery
 f - a +6 ring of dexterity (left tentacle)
Wands
 x - a wand of acid (10)
Scrolls
 b - 2 scrolls of magic mapping
 d - 2 scrolls of identify
 g - 2 scrolls of teleportation
 h - 4 scrolls of noise
 i - 2 scrolls of holy word {unknown}
 j - 2 scrolls of enchant armour {unknown}
 k - a scroll of silence {unknown}
 n - a scroll of blinking {unknown}
 o - a scroll of acquirement {unknown}
 p - a scroll of fog {unknown}
 q - 3 scrolls of immolation
 u - a scroll of amnesia {unknown}
Potions
 a - 2 potions of curing
 e - 2 potions of degeneration
 l - a potion of mutation {unknown}
 r - a potion of haste {unknown}
 t - a potion of might {unknown}
 v - a potion of berserk rage {unknown}


   Skills:
 + Level 0.8 Fighting
 - Level 1.0 Maces & Flails
 + Level 2.4 Dodging
 - Level 2.6 Stealth
 + Level 5.9 Spellcasting
 + Level 5.4 Conjurations
 * Level 2.4 Transmutations
 + Level 6.0 Earth Magic


You had 12 spell levels left.
You knew the following spells:

 Your Spells              Type           Power      Damage    Failure   Level
a - Sandblast             Erth           56%        2d13      1%          1
b - Passwall              Tmut/Erth      17%        N/A       3%          2
c - Stone Arrow           Conj/Erth      54%        3d10      3%          3

Your spell library contained the following spells:

 Spells                   Type           Power      Damage    Failure   Level
 Petrify                  Tmut/Erth      21%        N/A       21%         4
 Metabolic Englaciation   Hex/Ice        2%         N/A       97%         5
 Statue Form              Tmut/Erth      14%        N/A       97%         6


Dungeon Overview and Level Annotations

Branches:
Dungeon (6/15)             Temple (1/1) D:6

Altars:
Cheibriados
Dithmenos
Elyvilon
Gozag
Kikubaaqudgha
Makhleb
Nemelex Xobeh
Okawaru
Qazlal
Ru
Trog
Uskayaw
Vehumet
Wu Jian
Xom
Yredelemnul
The Shining One

Annotations:
D:1 Terence


Innate Abilities, Weirdness & Mutations

You cannot wear most types of armour.
You are amphibious.
You can wear up to eight rings at the same time.
Your skin changes colour to match your surroundings (Stealth+).
Your rubbery body absorbs attacks. (AC +1, EV +1)
((You are camouflaged when in or above water. (Stealth+)))
You have tentacles for arms and can constrict up to eight enemies at once.


Message History

You climb downwards.
Welcome to the Ecumenical Temple!
Found a sacrificial altar of Ru and a shadowy altar of Dithmenos.
There is a staircase back to the Dungeon here.
Found a bloodstained altar of Trog.
Found a stormy altar of Qazlal.
There is a stormy altar of Qazlal here.
Found a white marble altar of Elyvilon.
Found a hide-covered altar of Uskayaw.
Found a basalt altar of Yredelemnul.
Found a snail-covered altar of Cheibriados.
Found an opulent altar of Gozag.
Found a glowing golden altar of the Shining One.
There is a glowing golden altar of the Shining One here.
Found a radiant altar of Vehumet.
Found an ornate altar of the Wu Jian Council.
Done exploring.
Done exploring.
There is a radiant altar of Vehumet here.
You curl up in front of the altar of Vehumet.
Vehumet welcomes you!
Okay, then.
Okay, then.
There is a staircase back to the Dungeon here.
You climb upwards.
Welcome back to the Dungeon!
There is a staircase to the Ecumenical Temple here.
The stone arrow misses the hornet zombie.
The centaur shouts!
The hornet zombie closely misses you. x2
The stone arrow hits the hornet zombie!
The hornet zombie is moderately damaged.
The hornet zombie hits you!
The centaur zaps a wand.
Your mind is blasted!
The stone arrow hits the hornet zombie!
The hornet zombie is heavily damaged.
The hornet zombie misses you.
The stone arrow hits the hornet zombie!
The hornet zombie is heavily damaged.
The centaur zaps a wand.
Your mind is blasted!
* * * LOW HITPOINT WARNING * * *
The hornet zombie hits you!
You die...

.. #.##.. ... #....
...####...#####
.......c.......
........##...##..#
.........##...##..#
.................#
.......#....@....#
......#....Z....#
........##...##.#
#....##...##.#
#............#
#.#...###.######
#.......#...
#....[#.#..##
#......#.#...


You could see a centaur and a hornet zombie.

Vanquished Creatures
  Grinder (D:3)
  Sigmund (D:2)
  Menkaure (D:5)
  An ice beast (D:6)
  3 ogres
  A centaur (D:4)
  A killer bee (D:4)
  A centaur zombie (D:6)
  2 hounds
  A bullfrog zombie (D:6)
  2 orc priests
  A centaur skeleton (D:6)
  An iguana (D:6)
  An orc wizard (D:2)
  10 adders
  4 gnolls (D:5)
  An adder skeleton (D:3)
  A worm (D:3)
  2 dart slugs (D:4)
  13 orcs
  7 bats
  2 bat zombies (D:4)
  3 endoplasms
  2 giant cockroaches (D:3)
  4 goblins
  6 hobgoblins
  7 jackals
  3 quokkas
  4 ball pythons
  3 frilled lizards
  11 kobolds
  8 rats
  3 rat zombies (D:4)
112 creatures vanquished.

Vanquished Creatures (others)
  9 fungi (D:6)
  2 plants
11 creatures vanquished.

Grand Total: 123 creatures vanquished

Notes
Turn   | Place    | Note
-------+----------+-------------------------------------------
     0 | D:1      | Akaron the Octopode Earth Elementalist began the quest for
                  | the Orb.
     0 | D:1      | Reached XP level 1. HP: 11/11 MP: 3/3
   217 | D:1      | Reached XP level 2. HP: 17/17 MP: 3/5
   885 | D:2      | Learned a level 2 spell: Passwall
   896 | D:2      | Noticed Sigmund
  1130 | D:2      | Reached XP level 3. HP: 21/21 MP: 4/6
  1134 | D:2      | Learned a level 3 spell: Stone Arrow
  1172 | D:2      | Found a faded altar of an unknown god.
  1177 | D:2      | Killed Sigmund
  1178 | D:2      | Reached skill level 1 in Conjurations
  1178 | D:2      | Reached skill level 4 in Earth Magic
  1178 | D:2      | Reached XP level 4. HP: 16/27 MP: 1/9
  1178 | D:2      | Reached XP level 5. HP: 18/31 MP: 1/10
  1363 | D:2      | Noticed Terence
  2030 | D:3      | Found a shimmering altar of Xom.
  2527 | D:2      | Found a sparkling altar of Nemelex Xobeh.
  3241 | D:3      | Noticed an ogre
  3336 | D:2      | Reached XP level 6. HP: 28/36 MP: 2/12
  3590 | D:3      | Noticed Grinder
  3602 | D:3      | Paralysed by something for 2 turns
  4346 | D:4      | Reached skill level 1 in Maces & Flails
  4482 | D:4      | Reached XP level 7. HP: 42/42 MP: 6/13
  5196 | D:4      | Found an ancient bone altar of Kikubaaqudgha.
  5391 | D:5      | Entered Level 5 of the Dungeon
  5489 | D:5      | Noticed Menkaure
  5498 | D:5      | Killed Menkaure
  5499 | D:5      | Reached skill level 5 in Earth Magic
  5582 | D:3      | Killed Grinder
  5583 | D:3      | Reached skill level 5 in Spellcasting
  6321 | D:3      | Reached XP level 8. HP: 47/47 MP: 8/15
  6933 | D:5      | Reached skill level 5 in Conjurations
  7092 | D:5      | Found an iron altar of Okawaru.
  7440 | D:6      | Found a burning altar of Makhleb.
  8178 | D:6      | Reached skill level 6 in Earth Magic
  8563 | D:6      | Found a staircase to the Ecumenical Temple.
  8573 | Temple   | Entered the Ecumenical Temple
  8641 | Temple   | Became a worshipper of Vehumet
  8659 | D:6      | Slain by a hornet zombie

Illustrated notes

Levels and vault maps discovered:
D:1:      nicolae_arrival_memento_mori, layout_basic
D:2:      layout_loops_ring, basic_altar, chequers_ecumenical_altar_simple,
          uniq_terence, uniq_sigmund
D:3:      layout_basic, xom_butterflies, saegor_snake_ambush, uniq_grinder
D:4:      layout_loops_cross, lemuel_zombie_altar_kikubaaqudgha,
          hangedman_decor_growths, minmay_misc_feat_iff,
          minmay_manual_monstrance
D:5:      layout_basic, overflow_temple_1_default, uniq_menkaure, uniq_pikel
D:6:      layout_basic, mainiacjoe_overflow_brackets, fedhas_altar_3,
          minmay_temple_entry_stoned_glass, serial_co_window_serial,
          co_window_paths_b, co_window_paths_b, co_window_corner_a,
          co_window_corner_a, co_window_corner_a, co_window_2corner,
          co_window_broadway_c, co_window_unsneaky_path_c, co_window_corner_b,
          co_window_of_opportunity_b, co_window_corner_b, co_window_paths_d,
          glass_columns_b
Temple:   nicolae_temple_hex_pool

Skill      XL: |  1  2  3  4  5  6  7  8 |
---------------+-------------------------+-----
Spellcasting   | 3 4 5 |  5.9
Conjurations   | 1 2 4 5 |  5.4
Earth Magic    | 4 5 6 |  6.0
Maces & Flails | 1 |  1.0
Transmutations | 2 |  2.4
Fighting       | |  0.8
Dodging        | |  2.4
Stealth        | |  2.6

Action                   |  1- 3 |  4- 6 |  7- 9 || total
-------------------------+-------+-------+-------++-------
Melee: Constrict         |     2 |    14 |     5 ||    21
       Tentacles         |     2 |    12 |     6 ||    20
       Unarmed           |     2 |       |       ||     2
       Mace              |       |    35 |    16 ||    51
       Punch             |       |     1 |       ||     1
 Cast: Sandblast         |    43 |    17 |       ||    60
       Stone Arrow       |       |    36 |    67 ||   103
  Use: Scroll            |       |       |     7 ||     7
       Potion            |       |       |     1 ||     1
 Stab: Sleeping          |       |     2 |       ||     2
Armor: Skin              |       |     2 |     2 ||     4
Dodge: Dodged            |     9 |    48 |    28 ||    85
